 Dungeon Crawl Stone Soup version 0.21.1-1-g345015fe64 (webtiles) character file.

0 Gargoyl the Skirmisher (level 1, -6/19 HPs)
             Began as a Centaur Abyssal Knight on Feb 26, 2018.
             Was a Follower of Lugonu.
             Mangled by a spatial vortex (7 damage)
             ... summoned by a spatial maelstrom
             ... on level 1 of the Abyss.
             The game lasted 00:00:32 (208 turns).

Gargoyl the Skirmisher (Centaur Abyssal Knight)      Turns: 208, Time: 00:00:32

Health: -6/19      AC:  4    Str: 14    XL:     1   Next: 0%
Magic:  2/2        EV:  9    Int: 11    God:    Lugonu [*.....]
Gold:   10         SH:  0    Dex:  8    Spells: 0/0 levels left

rFire    . . .     SeeInvis .   a - +1 hand axe
rCold    . . .     Gourm    .   (no shield)
rNeg     . . .     Faith    .   b - +0 leather armour
rPois    .         Spirit   .   (no helmet)
rElec    .         Reflect  .   (no cloak)
rCorr    .         Harm     .   (no gloves)
MR       .....                  (no barding)
Stlth    ..........             (no amulet)
HPRegen  0.06/turn              (no ring)
MPRegen  0.08/turn              (no ring)

@: very quick
A: large, hooves 3, blurry vision 1, deformed body, speed 2, tough skin 3
a: Depart the Abyss, Renounce Religion


You were on level 1 of the Abyss.
You worshipped Lugonu.
Lugonu was aware of your devotion.
You were not hungry.

You visited 0 branches of the dungeon, and saw 0 of its levels.
You visited the Abyss 1 time.

You collected 10 gold pieces.

Inventory:

Hand Weapons
 a - a +1 hand axe (weapon)
Armour
 b - a +0 leather armour (worn)
Comestibles
 c - a ration


   Skills:
 + Level 3.0 Fighting
 + Level 1.7 Axes
 + Level 1.3 Armour
 + Level 0.6 Dodging
 + Level 2.0 Invocations


You couldn't memorise any spells.
You didn't know any spells.

Dungeon Overview and Level Annotations

Branches:
Dungeon (0/15)

Altars:


Innate Abilities, Weirdness & Mutations

You have hooves in place of feet.
Armour fits poorly on your strangely shaped body.
You cover ground very quickly.
You have extremely tough skin. (AC +3)
Scrolls take you a little longer to read.


Message History

The neqoxec shouts!
Found 10 gold pieces.
You now have 10 gold pieces.
Tentacles burst from the starspawn's body! 2 starspawn tentacles come into view.
A spatial vortex comes into view.
A spatial vortex comes into view. 4 spatial vortices come into view.
The spatial vortex moves out of view. x2 4 spatial vortices come into view.
A spatial vortex and a spatial maelstrom come into view.
Unknown command.
A spatial vortex comes into view. x2
The spatial vortex hits you but does no damage.
You barely miss the spatial vortex. Your kick misses the spatial vortex.
The spatial vortex hits you!!
Ouch! That really hurt!
* * * LOW HITPOINT WARNING * * *
Space warps horribly around you!
You die...

... # .#.####..# ##. .
##v..#.v... # . #
#..#v..v... #...
#.......#.v ## #
####.#..#...v# w#.#
#####.v#.#.#...#. .X.#
# #..3#X.#...v#..#
##.#.X....#.....v##.#..
..#.#.#######.##@# ...
.. . .# #.##v# ##
...... .# ## ##. # #.
#.. #. ## ##.#...# ##
#.# .## # ### #


You could see a tentacled starspawn, a spatial maelstrom, 5 spatial vortices and
a neqoxec.

Vanquished Creatures (others)
  2 starspawn tentacles (Abyss:1)
2 creatures vanquished.

Notes
Turn   | Place    | Note
-------+----------+-------------------------------------------
     0 | Abyss:1  | Gargoyl the Centaur Abyssal Knight began the quest for the Orb.
     0 | Abyss:1  | Reached XP level 1. HP: 19/19 MP: 2/2
    83 | Abyss:1  | Noticed a neqoxec
    87 | Abyss:1  | Gained mutation: Scrolls take you a little longer to read. [a neqoxec]
    89 | Abyss:1  | Noticed a quasit
   167 | Abyss:1  | Noticed a tentacled starspawn
   169 | Abyss:1  | Noticed a neqoxec
   197 | Abyss:1  | Noticed a spatial vortex
   198 | Abyss:1  | Noticed a spatial vortex
   201 | Abyss:1  | Noticed a spatial vortex
   201 | Abyss:1  | Noticed a spatial vortex
   201 | Abyss:1  | Noticed a spatial vortex
   201 | Abyss:1  | Noticed a spatial vortex
   202 | Abyss:1  | Noticed a spatial vortex
   202 | Abyss:1  | Noticed a spatial vortex
   202 | Abyss:1  | Noticed a spatial vortex
   202 | Abyss:1  | Noticed a spatial vortex
   202 | Abyss:1  | Noticed a spatial maelstrom
   202 | Abyss:1  | Noticed a spatial vortex
   203 | Abyss:1  | Noticed a spatial vortex
   204 | Abyss:1  | Noticed a spatial vortex
   208 | Abyss:1  | Mangled by a spatial vortex

Action                   || total
-------------------------++-------
Melee: Hand axe          ||     1
  Use: Scroll            ||     1
Armor: Leather armour    ||     1
